 Dungeon Crawl Stone Soup version 0.31-a0-1-g4198be8af4 (webtiles) character file.

Game seed: 8314770722521980387

22 LobsterGuardian the Stinger (level 2, 0/11 HPs)
             Began as a Felid Venom Mage on May 1, 2023.
             Slain by an adder (2 damage)
             ... on level 2 of the Dungeon.
             The game lasted 00:01:54 (1029 turns).

LobsterGuardian the Stinger (Felid Venom Mage)      Turns: 1029, Time: 00:01:55

Health: 0/11       AC:  1    Str:  4    XL:     2   Next: 68%
Magic:  2/6        EV: 17    Int: 16    God:
Gold:   25         SH:  0    Dex: 16    Spells: 2/5 levels left
                                        Lives:  0   Deaths: 0

rFire   . . .        (weapon unavailable)
rCold   . . .        (shield unavailable)
rNeg    . . .        (body armour unavailable)
rPois   .            (helmet unavailable)
rElec   .            (cloak unavailable)
rCorr   .            (gloves unavailable)
SInv    +            (boots unavailable)
Will    .....        (no amulet)
Stlth   ++           (no ring)
HPRegen 0.21/turn    (no ring)
MPRegen 0.10/turn

%: no passive effects
@: lethally poisoned (0 -> -1), quick
A: very small, claws 1, fangs 3, see invisible, speed 1, shaggy fur 1, stealthy
paws, no weapons or thrown items, no armour, multi-lived
a: no special abilities


You were on level 2 of the Dungeon.
You visited 1 branch of the dungeon, and saw 2 of its levels.

You collected 25 gold pieces.

Inventory:

Potions
 a - 2 potions of magic
 b - a potion of mutation {unknown}
 c - 2 potions of flight {unknown}


   Skills:
 - Level 2.6 Dodging
 - Level 2.6 Stealth
 + Level 2.2 Spellcasting
 - Level 1.1 Transmutations
 * Level 3.5 Poison Magic


You had 2 spell levels left.
You knew the following spells:

 Your Spells              Type           Power      Damage    Failure   Level
a - Sting                 Tmut/Pois      36%        1d4       8%          1
b - Poisonous Vapours     Pois/Air       14%        N/A       16%         2

Your spell library contained the following spells:

 Spells                   Type           Power      Damage    Failure   Level
 Mephitic Cloud           Conj/Pois/Air  5%         N/A       36%         3
 Olgreb's Toxic Radiance  Pois           13%        N/A       43%         4


Dungeon Overview and Level Annotations

Branches:
Dungeon (2/15)

Altars:
Gozag


Innate Abilities, Weirdness & Mutations

You have sharp claws.
You have razor-sharp teeth.
You have supernaturally acute eyesight. (SInv)
You cover ground quickly. (Speed+)
You are covered in fur. (AC +1)
Your paws help you pounce on unaware monsters.
You are incapable of wielding weapons or throwing items.
You cannot wear armour.
You gain extra lives every three experience levels.


Message History

You enter the shallow water.
Moving in this stuff is going to be slow.
Done exploring.
Done exploring.
Done exploring.
You aren't carrying any scrolls.
(D) Dungeon
Where to? (? - help)
There is a stone staircase leading down here.
You climb downwards.
There is a stone staircase leading up here.
An adder comes into view.
Found a fuming dark potion.
Found an opulent altar of Gozag.
An adder is nearby!
The adder hisses angrily.
You can't see any susceptible monsters within range! (Use Z to cast anyway.)
The sting misses the adder.
A rat comes into view.
The sting hits the adder but does no damage.
The adder is poisoned.
The adder misses you.
The sting hits the adder.
The adder looks even sicker.
The adder is moderately wounded.
The adder bites you.
You are poisoned.
The adder poisons you! The adder attacks as you move away!
The adder misses you.
You feel sick.
Unknown command.
The adder attacks as you move away! The adder completely misses you.
You feel sick.
Casting: Sting (safe; 8% risk of failure)
Confirm with . or Enter, or press ? or * to list all spells.
Aiming: Sting (safe; 8% risk of failure)
Press: ? - help, Shift-Dir - straight line, f/p - adder
Aim: an adder (moderately wounded, very poisoned, 48% to hit)
The sting hits the adder.
The adder looks even sicker.
The adder is heavily wounded.
You feel sick. The adder bites you.
* * * LOW HITPOINT WARNING * * *
The adder bites you.
You die...

#.#.#<...#.#
#.#.#.##.#.#
#r#.#..#.#.#
#.#.####.#.#
#.#......#.# ..
#.########.#
....####..........#
........###########
........S@.#
..!.._..##.#
##......# .#
#......# .#
#....### .# #####
.# .# .#


You could see an adder (very poisoned).

Vanquished Creatures
  A bat (D:1)
  An endoplasm (D:1)
  3 giant cockroaches (D:1)
  4 goblins (D:1)
  2 hobgoblins (D:1)
  A kobold (D:1)
  A quokka (D:1)
  4 ball pythons (D:1)
  A frilled lizard (D:1)
18 creatures vanquished.

Notes
Turn   | Place    | Note
-------+----------+-------------------------------------------
     0 | D:1      | LobsterGuardian the Felid Venom Mage began the quest for
                  | the Orb.
     0 | D:1      | Reached XP level 1. HP: 7/7 MP: 4/4
   130 | D:1      | Reached skill level 3 in Poison Magic
   221 | D:1      | Reached XP level 2. HP: 5/11 MP: 1/6
   538 | D:1      | Learned a level 2 spell: Poisonous Vapours
  1020 | D:2      | Found an opulent altar of Gozag.
  1029 | D:2      | Slain by an adder

Illustrated notes

Levels and vault maps discovered:
D:1:      nzn_arrival_water_spiral, layout_basic
D:2:      layout_basic, basic_altar

Skill      XL: |  1 |
---------------+----+-----
Poison Magic   | 3 |  3.5
Dodging        | |  2.6
Stealth        | |  2.6
Spellcasting   | |  2.2
Transmutations | |  1.1

Action                     || total
---------------------------++-------
  Melee: Unarmed           ||    15
         Bite              ||     3
   Cast: Sting             ||    25
   Stab: Sleeping          ||     2
 Armour: Skin              ||     3
  Dodge: Dodged            ||    20

Table legend: (Time is in decaauts)
 A = Elapsed time spent in this place.
 B = Non-inter-level travel time spent in this place.
 C = Inter-level travel time spent in this place.
 D = Time resting spent in this place.
 E = Time spent auto-exploring this place.
 F = Levels seen in this place.
 G = Mean time per level.
                   A        B        C        D        E       F      G
               +--------+--------+--------+--------+--------+-----+--------+
         Total |    884 |    872 |     12 |      0 |    742 |   2 |  442.0 |
       Dungeon |    884 |    872 |     12 |      0 |    742 |   2 |  442.0 |
               +--------+--------+--------+--------+--------+-----+--------+

Top non-repeatable levels by time:
     D:1: 848 daAuts
     D:2: 36 daAuts
